[Event "25th Troya Open 2017"]
[Site "Canakkale"]
[Date "2017.08.11"]
[Round "7.3"]
[White "Baltaci, Ismail Tarik"]
[Black "Rzayev, Askar Aliakbar"]
[Result "0-1"]
[ECO "B15"]
[WhiteElo "1946"]
[BlackElo "2072"]
[Annotator "NA RC"]
[PlyCount "96"]
[EventCountry "TUR"]
[SourceTitle "playchess.com"]
[Source "ChessBase"]
[SourceQuality "1"]
[TimeControl "5400+30"]

1. e4 g6 2. d4 Bg7 3. Nc3 c6 4. Nf3 d5 5. h3 dxe4 6. Nxe4 Nf6 7. Bd3 Nxe4 8. Bxe4 Nd7 9. O-O O-O 10. Re1 {[%emt 0:03:30] LiveBook: 37 Games} Re8 {[%emt 0:07:30] B15: Caro-Kann: 3 Nc3: 3...g6 and 3...dxe4 4 Nxe4 Nf6 5 Nxf6+ exf6} 11. c3 Qc7 12. Bg5 Nf6 13. Bd3 c5 14. Bc4 $146 ({Predecessor:} 14. Bb5 Rf8 15. Qe2 a6 16. Bc4 cxd4 17. cxd4 e6 18. Rac1 Qb6 19. Qd2 {0-1 (40) Matulovic,M (2485)-Nikolic,Z (2445) Cuprija 1986}) 14... cxd4 (14... e6 $11) 15. Qb3 ({White should play} 15. Qxd4 $16 Bf5 16. Qh4) 15... e6 16. Nxd4 a6 17. a4 Bd7 18. Qa2 Rac8 (18... h6 $5 19. Be3 Rac8 $11) 19. Bb3 h6 20. Be3 Ne4 21. Rad1 Nc5 22. Bc2 b5 23. a5 Re7 24. Nb3 Na4 25. Qa3 Ree8 26. Bb6 Qb7 $1 27. Be4 Bc6 28. Bxc6 Qxc6 29. Be3 Bf8 30. Qa2 e5 31. Nd2 Qe6 32. Qb1 f5 33. Nf3 Qb3 34. Nh4 Rc6 35. Qd3 ({Better is} 35. Rd2 $15) 35... Nxb2 36. Qd7 (36. Qb1 $142) 36... Qe6 ({Don't take} 36... Nxd1 37. Qxe8 Re6 38. Qd8 $17) 37. Qxe6+ Rcxe6 38. Rd7 Nc4 39. Bc1 Nxa5 40. Red1 Nb3 41. Bb2 Nc5 42. Rc7 e4 43. c4 Nd3 44. Bc3 b4 45. Bd4 Rd6 46. Ba1 Be7 47. c5 Re6 ({Not} 47... Bxh4 48. cxd6 Bxf2+ 49. Kf1 $15) 48. g3 Bf6 $19 0-1

[Event "25th Troya Open 2017"]
[Site "Canakkale"]
[Date "2017.08.11"]
[Round "7.5"]
[White "Yerden, Huseyin Eren"]
[Black "Alaz, Ahmet Efekan"]
[Result "0-1"]
[ECO "E11"]
[WhiteElo "1816"]
[BlackElo "2048"]
[Annotator "NA RC"]
[PlyCount "178"]
[EventCountry "TUR"]
[SourceTitle "playchess.com"]
[Source "ChessBase"]
[SourceQuality "1"]
[TimeControl "5400+30"]

1. d4 Nf6 2. c4 e6 3. g3 d5 4. Nf3 Bb4+ 5. Bd2 Be7 6. Bg2 c6 7. Qc2 O-O 8. O-O Nbd7 9. b3 b6 10. a4 {[%emt 0:08:30] E11: Bogo-Indian} (10. Rd1 a5 11. Bc3 Bb7 12. Nbd2 Qc7 13. Rac1 c5 14. Bb2 dxc4 15. Nxc4 b5 16. Nce5 Nxe5 17. Nxe5 Bxg2 18. Kxg2 {0-1 (55) Inarkiev,E (2727)-Jakovenko,D (2718) Poikovsky 2017}) 10... a5 {[%emt 0:07:30] LiveBook: 3 Games} 11. Bf4 Bb7 $146 ({Predecessor:} 11... Ba6 12. Nbd2 Nh5 13. Be3 Nhf6 14. Bf4 Nh5 {½-½ (14) Blagojevic,D (2508)-Abramovic,B (2524) Banja Koviljaca 2002}) 12. Nc3 Rc8 13. Rad1 Ba6 14. Nd2 c5 15. dxc5 Bxc5 16. Nb5 Bxb5 17. axb5 h6 18. Nf3 Qe7 19. Be5 dxc4 20. bxc4 Nd5 21. Qd3 Nxe5 22. Nxe5 Nb4 23. Qd7 Qf6 24. Nc6 Qc3 25. Rc1 Qb2 26. Bf3 Rfe8 27. Rb1 Qf6 28. Rfd1 e5 (28... h5 $5) 29. Rf1 Nc2 30. Bg4 Ra8 31. Qd5 Nd4 32. e3 Nf5 33. Rbd1 a4 34. Bf3 Rac8 35. Bg4 Ra8 36. Bf3 Rac8 37. Bg4 Rc7 38. Kg2 g6 39. e4 (39. Bxf5 $11 Qxf5 40. e4) 39... Nd4 40. f4 {[%emt 0:00:42] [#]} Nxc6 $2 (40... Nc2 $1 $19 41. Rd3 exf4) 41. bxc6 exf4 42. Rxf4 Qb2+ 43. Rd2 (43. Kh3 $11) 43... Qe5 (43... Qg7 $1 $15 44. Rf1 a3) 44. Bd7 $1 Re7 45. Rg4 Kg7 46. Rf4 {[%emt 0:00:31] [#]} Kg8 ({Black should play} 46... f6 $1 $17 47. Re2 a3) 47. Rg4 Kf8 48. Rd1 Be3 ({Black should play} 48... g5 $17 49. h4 a3 50. hxg5 hxg5) 49. Rf1 Qxd5 (49... Qb2+ $11 {remains equal.} 50. Kh3 Bg5) 50. cxd5 Rexd7 51. cxd7 Rxd7 52. Rxg6 $1 a3 53. Rc6 Ra7 54. Ra1 Bd4 55. Ra2 b5 56. Rc8+ Ke7 57. Rb8 Ra5 58. Rb7+ Kd6 59. Kf3 Kc5 60. Rc7+ Kb4 61. d6 Ra8 62. d7 Rd8 63. Rd2 Bc3 64. Rc2 Bf6 65. Kf4 Kb3 66. e5 Bg5+ 67. Ke4 b4 68. h4 Be7 69. Rd2 Ra8 70. Rd3+ Ka4 71. Rc2 Rd8 72. Rc7 Ra8 73. Rc2 b3 74. Rc4+ Kb5 75. Kd5 b2 76. Rb3+ Ka5 77. Rc8 Ka4 78. Kc4 Ra7 79. Rb4+ Ka5 {[%emt 0:00:28] [#]} 80. Rc5+ $1 Ka6 81. Rc6+ Ka5 82. Rc5+ Ka6 83. Ra4+ Kb7 84. Rb5+ Ka8 85. Rxa7+ Kxa7 86. Ra5+ $4 (86. Kc3 $18 Ka6 87. Rb3) 86... Kb6 87. Ra8 {[%emt 0:00:32] [#]} a2 $19 88. Rb8+ Kc7 89. Rxb2 a1=Q 0-1

[Event "25th Troya Open 2017"]
[Site "Canakkale"]
[Date "2017.08.11"]
[Round "7.7"]
[White "Karaahmetoglu, Ege"]
[Black "Inan, Canberk"]
[Result "1/2-1/2"]
[ECO "B02"]
[WhiteElo "2086"]
[BlackElo "1777"]
[Annotator "NA RC"]
[PlyCount "84"]
[EventCountry "TUR"]
[SourceTitle "playchess.com"]
[Source "ChessBase"]
[SourceQuality "1"]
[TimeControl "5400+30"]

1. e4 Nf6 2. Nc3 d5 3. exd5 Nxd5 4. d4 Nxc3 5. bxc3 g6 6. Nf3 Bg7 {[%emt 0:00:00] LiveBook: 13 Games} 7. Ba3 {[%emt 0:01:30] B02: Alekhine's Defence: Chase Variation and lines with early Nc3} O-O 8. Bc4 (8. Be2 Nd7 9. O-O Nb6 10. Re1 Re8 11. Bd3 c6 12. Qd2 Qc7 13. h3 Be6 14. Rxe6 fxe6 {½-½ (47) Peng,D (2270)-Colas,J (2323) Chicago 2017}) 8... c6 $146 ({Predecessor:} 8... Nc6 9. O-O Na5 10. Bd3 Re8 11. Re1 Be6 12. Bb4 Nc6 13. Rxe6 fxe6 14. Ng5 Qd5 15. Qg4 Nxb4 16. cxb4 Bxd4 {1-0 (61) Ranfagni,S (2034)-Lazzaroni,F (1622) Castelli Calepio 2007}) 9. O-O Re8 10. Re1 e6 11. Qd2 Nd7 12. Rad1 b5 13. Bd3 Qc7 14. Qg5 Bb7 15. c4 Bf6 (15... c5 $5) 16. Qg3 Qxg3 17. hxg3 bxc4 18. Bxc4 Nb6 19. Bf1 Be7 20. Bxe7 (20. Ne5 $2 ) (20. Re3 $14 {keeps the upper hand.}) 20... Rxe7 21. Ne5 Rd8 22. Be2 f6 23. Ng4 Kg7 24. Bf3 h5 25. Ne3 Red7 26. c3 Na4 27. Nc2 Nxc3 28. Rd3 Nd5 ({Don't blunder} 28... Nxa2 $2 29. Ra3 $18) (28... Nb5 $15 29. Rb3 Rc7) 29. Rxe6 Nc7 30. Re1 Kf7 31. Rb3 Ne6 32. Be2 c5 33. Rxb7 Rxb7 34. Bc4 cxd4 35. Rxe6 Kg7 36. Bd3 Rb1+ 37. Ne1 Ra1 38. Re2 Rc8 39. f4 Rc3 40. Kf2 $11 Rxe1 41. Rxe1 Rxd3 42. Re7+ Kh6 1/2-1/2

[Event "25th Troya Open 2017"]
[Site "Canakkale"]
[Date "2017.08.11"]
[Round "7.9"]
[White "Sar, Can"]
[Black "Konusoglu, Kemal Safa"]
[Result "1-0"]
[ECO "B33"]
[WhiteElo "1619"]
[BlackElo "1555"]
[Annotator "NA RC"]
[PlyCount "65"]
[EventCountry "TUR"]
[SourceTitle "playchess.com"]
[Source "ChessBase"]
[SourceQuality "1"]
[TimeControl "5400+30"]

1. e4 c5 2. Nf3 Nc6 3. Nc3 Nf6 4. d4 cxd4 5. Nxd4 e5 6. Ndb5 d6 7. Bg5 a6 8. Na3 b5 9. Nd5 Be7 10. Bxf6 Bxf6 11. Bd3 O-O 12. O-O Bg5 13. c4 b4 14. Nc2 a5 15. Nce3 Be6 16. Nf5 g6 17. Nfe3 Ne7 18. Qf3 Bxd5 19. cxd5 f5 20. exf5 Bxe3 21. fxe3 Nxf5 22. Qh3 Qg5 23. Rf3 Rae8 24. Be4 Nh4 25. Rff1 Nf5 26. Rae1 Rf7 27. Rf3 Ref8 28. Ref1 Nxe3 29. Rxf7 Rxf7 30. Rxf7 Kxf7 31. Qxh7+ Kf8 32. h4 Qf6 33. Qh6+ 1-0

[Event "25th Troya Open 2017"]
[Site "Canakkale"]
[Date "2017.08.11"]
[Round "7.10"]
[White "Sozen, Abdullah"]
[Black "Var, Sefa"]
[Result "1-0"]
[ECO "D03"]
[WhiteElo "1629"]
[BlackElo "1626"]
[Annotator "NA RC"]
[PlyCount "67"]
[EventCountry "TUR"]
[SourceTitle "playchess.com"]
[Source "ChessBase"]
[SourceQuality "1"]
[TimeControl "5400+30"]

1. d4 d5 2. Nf3 Nf6 3. Bg5 Ne4 4. Bf4 c5 5. c3 Nc6 6. e3 Qb6 7. Qc2 Bf5 8. dxc5 Qxc5 9. Qb3 b6 10. Bb5 a6 11. Bxc6+ Qxc6 12. Nd4 Qd7 13. Nxf5 Qxf5 14. Qxb6 Qd7 15. f3 Nf6 16. O-O e6 17. Nd2 Be7 18. Qc7 Qxc7 19. Bxc7 Kd7 20. Bg3 Nh5 21. Bf2 Rab8 22. b3 Rhc8 23. c4 Bb4 24. Rfd1 Nf6 25. e4 Ke8 26. exd5 exd5 27. cxd5 Nxd5 28. Nc4 Rd8 29. Kf1 f6 30. Rac1 Rb7 31. a3 Be7 32. b4 Nf4 33. Rxd8+ Bxd8 34. Nd6+ 1-0

[Event "25th Troya Open 2017"]
[Site "Canakkale"]
[Date "2017.08.11"]
[Round "7.11"]
[White "Vursan, Emre Can"]
[Black "Aydogdu, Selcan Ayberk"]
[Result "1-0"]
[ECO "D01"]
[WhiteElo "1696"]
[BlackElo "1539"]
[Annotator "NA RC"]
[PlyCount "111"]
[EventCountry "TUR"]
[SourceTitle "playchess.com"]
[Source "ChessBase"]
[SourceQuality "1"]
[TimeControl "5400+30"]

1. d4 Nf6 2. Nc3 d5 3. Bg5 Nbd7 4. f3 e6 5. e4 Be7 6. e5 Ng8 7. Bxe7 Nxe7 8. Bd3 a6 9. Qd2 c5 10. dxc5 Nxe5 11. Nge2 Bd7 12. O-O Rc8 13. Qe3 Qc7 14. b4 O-O 15. Nc1 Rfd8 16. N3e2 Bc6 17. Nd4 N5g6 18. f4 Re8 19. Ncb3 e5 20. fxe5 Nxe5 21. Qh3 Nxd3 22. cxd3 Ng6 23. Nxc6 bxc6 24. Rae1 Rcd8 25. Nd4 Re5 26. Rxe5 Nxe5 27. Nf5 Ng6 28. Nd6 Rf8 29. Qf5 Qe7 30. Qf2 Ne5 31. Qg3 f6 32. Nf5 Qd7 33. Nh6+ Kh8 34. Qxe5 Re8 35. Qf5 Qxf5 36. Nxf5 Re2 37. a3 Ra2 38. Re1 h6 39. Re8+ Kh7 40. Re7 Kg6 41. Nd4 Rxa3 42. Re3 a5 43. Nxc6 a4 44. Ne7+ Kf7 45. Nxd5 Ra1+ 46. Kf2 a3 47. Re7+ Kf8 48. Ra7 Rh1 49. c6 Rc1 50. c7 Rc2+ 51. Kf3 a2 52. Rxa2 Rxa2 53. c8=Q+ Kf7 54. Qd7+ Kg6 55. Nf4+ Kg5 56. Qg4# 1-0

[Event "25th Troya Open 2017"]
[Site "Canakkale"]
[Date "2017.08.11"]
[Round "7.12"]
[White "Ilkbahar, Nimet Seray"]
[Black "Ozkurt, Kutay"]
[Result "0-1"]
[ECO "B01"]
[WhiteElo "1622"]
[BlackElo "1686"]
[Annotator "NA RC"]
[PlyCount "70"]
[EventCountry "TUR"]
[SourceTitle "playchess.com"]
[Source "ChessBase"]
[SourceQuality "1"]
[TimeControl "5400+30"]

1. e4 d5 2. exd5 Qxd5 3. Nc3 Qd8 4. d4 Nf6 5. Bc4 c6 6. Nf3 Bf5 7. Qe2 e6 8. Bd2 Bxc2 9. d5 cxd5 10. Bb5+ Nbd7 11. Bg5 d4 12. Qxc2 dxc3 13. Bxd7+ Qxd7 14. Bxf6 gxf6 15. Rd1 Qc6 16. Nd4 Qc4 17. bxc3 Rd8 18. Qb3 Qxb3 19. axb3 Bc5 20. O-O Bxd4 21. Rxd4 Rxd4 22. cxd4 Ke7 23. Rc1 Rd8 24. Rd1 Rd5 25. f4 Kd6 26. Kf2 Ra5 27. Ke3 Ra2 28. Kf3 a5 29. h3 Ra3 30. Rb1 a4 31. Ke2 Rxb3 32. Ra1 a3 33. Kd2 b5 34. Kc2 Rb2+ 35. Kc3 b4+ 0-1